[Event "DFMM-LV 2023"]
[Site "Braunfels"]
[Date "2023.06.09"]
[Round "1.11"]
[White "Kostak, Tetyana"]
[Black "Bazzazi, Elnaz"]
[Result "1-0"]
[Annotator "TA"]
[ECO "C50"]
[WhiteElo "2117"]
[BlackElo "1827"]
[PlyCount "77"]
[EventDate "2023.06.09"]
[EventType "team-tourn"]
[EventCountry "GER"]
[SourceTitle "playchess.com"]
[Source "ChessBase"]
[SourceQuality "1"]
[TimeControl "40/5400+30:1800+30"]

1. e4 e5 2. Nf3 Nc6 3. Bc4 Bc5 4. O-O Nf6 5. d4 Bxd4 6. Nxd4 Nxd4 7. f4 d6 $1 8. fxe5 {[%emt 0:02:54] C50: Hungarian Defence and Giuoco Pianissimo.} dxe5 9. c3 {[%emt 0:11:18] [#]} (9. Bg5 $15) 9... Be6 {[%emt 0:03:02] [#]} (9... Bg4 $1 $17 10. Qa4+ Bd7) 10. Nd2 $146 (10. Na3 $15 Nc6 11. Qf3) ({Predecessor:} 10. Bxe6 Nxe6 11. Qxd8+ Rxd8 12. Nd2 Rd3 13. Nc4 Ng4 14. a4 f6 15. h3 Nh6 16. Bxh6 gxh6 17. Rxf6 {½-½ Schuelke,R (995)-Halas,N (1109) GER-ch U10 Girls 2019 (6)}) 10... Bg4 (10... Qd7 $17 {...Bg4 would be deadly.} 11. Kh1 (11. cxd4 Qxd4+ 12. Kh1 Bxc4 $17) 11... Nc6) 11. Qa4+ $11 Bd7 (11... Nc6 {simplifies} 12. Nb3 a6 13. Bd5 Bd7) 12. Qa5 (12. Qb4 $11 {keeps the balance.} a5 13. Qc5 (13. Qxb7 $2 {is the wrong capture.} Bc6 $19)) 12... Nc2 $2 {[%emt 0:05:32] Excellent horsemanship.} (12... Nc6 $17 {keeps the pressure on.} 13. Qa3 Qe7) 13. Qxe5+ $16 Qe7 14. Qxe7+ Kxe7 15. Rb1 (15. e5 $1 $16 Nxa1 16. exf6+ gxf6 17. b3) 15... Ne3 $11 {[%emt 0:03:41] [#]} 16. e5 $1 Nfd5 {[%emt 0:01:17] [#]} 17. Bxd5 $1 Nxd5 18. Ne4 $36 {[%emt 0:00:28][%cal Bd2e4,Be4g3,Bg3f5][%mdl 2080] White fights for an advantage.} h6 19. c4 Nb4 20. Bd2 Nd3 21. Bc3 {[%emt 0:00:38] Black must now prevent Rbd1.} Bc6 (21... Be6 $11) 22. Ng3 $14 Rhe8 23. Rbd1 Nc5 24. b4 {[%emt 0:04:34] White is more active. Black is weak on the dark squares} (24. e6 $16 f6 25. Nf5+ (25. Bb4 b6 $16) 25... Kf8 26. Bb4) 24... Ne4 25. Nf5+ Kf8 26. Bb2 {[%emt 0:00:29] Strongly threatening b5.} a6 27. h3 ({Better is} 27. e6 $14 f6 28. e7+ Kf7 29. Rde1) 27... Rad8 (27... Ng5 $1 $11) 28. e6 Rxd1 29. Bxg7+ Kg8 {[%emt 0:00:21] aiming for ...Rxf1+.} 30. exf7+ (30. Rxd1 $2 fxe6 31. b5 axb5 32. cxb5 exf5 $19) 30... Kxf7 31. Rxd1 Kg6 32. g4 (32. Nxh6 $2 {perishes.} Kxg7 33. Nf5+ Kg6 34. Nh4+ Kf6 35. Rf1+ Kg7 36. Nf5+ Kg6 37. Nh4+ Kh6 38. Nf5+ Kg5 $19) 32... h5 33. Bd4 hxg4 34. hxg4 Ng5 35. Kf2 (35. Kh2 $5) 35... Bf3 $2 (35... Ne4+ $11 36. Kf1 Kg5) 36. Nh4+ $18 {[%emt 0:00:33] White is clearly winning.} Kh7 37. Nxf3 Rf8 38. Rd3 Ne6 39. Be3 {[%emt 0:01:33] Weighted Error Value: White=0.24 (precise) /Black=0.62} 1-0

[Event "DFMM-LV 2023"]
[Site "Braunfels"]
[Date "2023.06.09"]
[Round "1.12"]
[White "Von Herman, Brigitte"]
[Black "Valkova, Angelika"]
[Result "1/2-1/2"]
[Annotator "TA"]
[ECO "B01"]
[WhiteElo "1904"]
[BlackElo "2062"]
[PlyCount "42"]
[EventDate "2023.06.09"]
[EventType "team-tourn"]
[EventCountry "GER"]
[SourceTitle "playchess.com"]
[Source "ChessBase"]
[SourceQuality "1"]
[TimeControl "40/5400+30:1800+30"]

1. e4 d5 2. exd5 Qxd5 3. Nc3 Qa5 4. d4 Nf6 5. Nf3 Bf5 6. Bc4 e6 7. O-O Bb4 {[%emt 0:03:42] B01: Scandinavian Defence.} 8. Bd2 (8. Nh4 $14) 8... Nbd7 9. a3 (9. d5 {looks sharper.} O-O-O 10. dxe6 Nb6 11. Bb3) 9... Bxc3 {[%emt 0:00:07] White is slightly better.} 10. Bxc3 Qb6 11. d5 O-O {[%emt 0:04:33] The position is equal.} 12. dxe6 Bxe6 13. Bxe6 Qxe6 14. Re1 {[%emt 0:02:22] [#]   Weighted Error Value: White=0.20 (precise) /Black=0.12 (very precise) .  Loses game:     	---       	---        Missed win:     	---       	---        Mistake:       	White=1     	---        Inaccurate:     	---       	Black=1      OK:         	White=2     	Black=2      Best:        	---       	Black=1      Strong:       	---       	---        Brilliant:      	---       	---} {Predecessor:} Qf5 $146 15. Nd4 Qd5 16. Qf3 Qxf3 17. Nxf3 Rfe8 18. Rad1 Rxe1+ 19. Nxe1 Re8 20. Nf3 c5 21. Rf1 Re7 {½-½ Magem Badals,J (2545)-Cornette,M (2545) Catalunya-chT 2012 (1.1)} 1/2-1/2

[Event "DFMM-LV 2023"]
[Site "Braunfels"]
[Date "2023.06.09"]
[Round "1.13"]
[White "Gheng, Simona"]
[Black "Guder, Sibylle"]
[Result "1/2-1/2"]
[Annotator "TA"]
[ECO "B90"]
[WhiteElo "1918"]
[BlackElo "1808"]
[PlyCount "61"]
[EventDate "2023.06.09"]
[EventType "team-tourn"]
[EventCountry "GER"]
[SourceTitle "playchess.com"]
[Source "ChessBase"]
[SourceQuality "1"]
[TimeControl "40/5400+30:1800+30"]

1. e4 c5 2. Nf3 d6 3. d4 cxd4 4. Nxd4 Nf6 5. Nc3 a6 6. a4 e5 7. Nf3 Be7 8. Bc4 h6 {[%emt 0:02:14] 8...Be6 gains popularity.} 9. O-O {[%emt 0:01:46] B90: Sicilian Najdorf: Unusual White 6th moves, 6 Be3 Ng4 and 6 Be3 e5.} O-O 10. Re1 Be6 11. Nd5 Nxd5 12. Bxd5 Qc7 {[%emt 0:02:11] [#]} 13. c3 $146 ({Predecessor:} 13. c4 a5 14. b3 Bg4 15. h3 Bxf3 16. Qxf3 Nd7 17. Ba3 Nc5 18. Bxc5 dxc5 19. Rad1 {½-½ Meylan,A (2196)-Serefidou,D (1923) Barcelona Sant Marti op-A 17th 2015 (3)}) 13... Nd7 14. Be3 Bxd5 15. Qxd5 b6 (15... Nf6 $11 16. Qd3 d5) 16. Rad1 Rac8 17. Nd2 Qc6 18. Qxc6 Rxc6 19. f3 Rfc8 20. Bf2 b5 21. axb5 axb5 22. Nf1 b4 23. Ne3 {[%emt 0:01:26] Nd5 would be deadly.} (23. cxb4 $5 Rb8 24. Rc1 Rxc1 25. Rxc1 $16) 23... bxc3 {[%emt 0:01:08] The position is equal.} 24. bxc3 Nf6 25. c4 Ne8 26. Rb1 Bg5 27. Nd5 Bd8 28. Ne3 Bg5 29. Nd5 Bd8 30. Ne3 Bg5 31. Nd5 {[%emt 0:00:06] Weighted Error Value: White=0.08 (flawless) /Black=0.08 (flawless)} 1/2-1/2

[Event "DFMM-LV 2023"]
[Site "Braunfels"]
[Date "2023.06.09"]
[Round "1.14"]
[White "Fock, Amina"]
[Black "Heil, Marina"]
[Result "1-0"]
[Annotator "NA RC COMBH"]
[ECO "C41"]
[WhiteElo "1836"]
[BlackElo "1866"]
[PlyCount "135"]
[EventDate "2023.06.09"]
[EventType "team-tourn"]
[EventCountry "GER"]
[SourceTitle "playchess.com"]
[Source "ChessBase"]
[SourceQuality "1"]
[TimeControl "40/5400+30:1800+30"]

1. e4 d6 2. d4 Nf6 3. Nc3 Nbd7 4. Nf3 e5 5. h3 Be7 6. Be3 c6 7. a4 a5 8. Bc4 h6 9. O-O Qc7 10. Re1 g5 11. Nh2 exd4 12. Qxd4 Ne5 13. Be2 Rg8 14. Nf1 g4 15. hxg4 Nfxg4 16. Ng3 Nxe3 17. Qxe3 Ng4 18. Bxg4 Bxg4 19. Nf5 Rg6 20. Ne2 O-O-O 21. Nxe7+ Qxe7 22. Nf4 Rg5 23. Ra3 Rdg8 24. Qd2 Qe5 25. Rg3 Kc7 26. Nd3 Qd4 27. e5 dxe5 28. Qxa5+ Kb8 29. c3 Qd7 30. Rxe5 Bf5 31. Rxf5 Rxg3 32. Qe5+ Kc8 33. fxg3 Qxd3 34. Rxf7 Qd1+ 35. Kh2 Qd8 36. Qe7 Qxe7 37. Rxe7 Rg6 38. Kh3 Kb8 39. b4 Rd6 40. Re3 Ka7 41. g4 Kb6 42. c4 Rd4 43. a5+ Ka6 44. Rc3 c5 45. bxc5 Kxa5 46. Rb3 Rxc4 47. Rxb7 Rxc5 48. Rh7 Rc1 49. Kg3 Rc3+ 50. Kh4 Rc2 51. Rxh6 Rxg2 52. Kh5 Kb5 53. Rf6 Kc5 54. g5 Kd5 55. Kg6 Ke5 56. Rf1 Ke6 57. Re1+ Kd7 58. Kf6 Rf2+ 59. Kg7 Rg2 60. g6 Kd8 61. Kf7 Rf2+ 62. Kg8 Rg2 63. g7 Kd7 64. Re4 Kd6 65. Kf7 Rf2+ 66. Kg6 Rg2+ 67. Kf6 Kd7 68. Re5 1-0

[Event "DFMM-LV 2023"]
[Site "Braunfels"]
[Date "2023.06.09"]
[Round "1.15"]
[White "Roesler, Hannah Clara"]
[Black "Fock, Sana"]
[Result "1/2-1/2"]
[Annotator "NA RC COMBH"]
[ECO "B22"]
[WhiteElo "1748"]
[BlackElo "1785"]
[PlyCount "96"]
[EventDate "2023.06.09"]
[EventType "team-tourn"]
[EventCountry "GER"]
[SourceTitle "playchess.com"]
[Source "ChessBase"]
[SourceQuality "1"]
[TimeControl "40/5400+30:1800+30"]

1. e4 c5 2. c3 d5 3. exd5 Qxd5 4. d4 Nc6 5. Nf3 Bg4 6. Be2 cxd4 7. cxd4 e6 8. O-O Nf6 9. Nc3 Qd8 10. Qa4 Be7 11. Rd1 O-O 12. d5 exd5 13. Nxd5 Bd7 14. Bg5 Nxd5 15. Rxd5 Bxg5 16. Nxg5 Qe7 17. Qc2 g6 18. Qd2 Rad8 19. Bc4 Rfe8 20. Qf4 Kg7 21. Qxf7+ Qxf7 22. Nxf7 Be6 23. Rxd8 Nxd8 24. Bxe6 Nxe6 25. Ne5 Nc5 26. Re1 Nd7 27. Nf3 Rxe1+ 28. Nxe1 Nc5 29. f3 Kf6 30. Kf2 h6 31. Ke3 Na4 32. Nd3 Nb6 33. Kd4 Nc8 34. Ne5 Nb6 35. b3 h5 36. a4 Nc8 37. Nc4 Ke6 38. a5 Ne7 39. Ke4 Nc6 40. Kf4 Kf6 41. Ke4 Ke6 42. h4 Ne7 43. g4 Nd5 44. Ne3 Nc3+ 45. Kf4 Kf6 46. Nc4 Nd5+ 47. Ke4 Ke6 48. Ne3 Nc3+ 1/2-1/2

[Event "DFMM-LV 2023"]
[Site "Braunfels"]
[Date "2023.06.09"]
[Round "1.16"]
[White "Grosse-Honebrink, Brigitte"]
[Black "Sokyrko, Sofiia"]
[Result "1-0"]
[Annotator "NA RC COMBH"]
[ECO "A48"]
[WhiteElo "1891"]
[BlackElo "1503"]
[PlyCount "34"]
[EventDate "2023.06.09"]
[EventType "team-tourn"]
[EventCountry "GER"]
[SourceTitle "playchess.com"]
[Source "ChessBase"]
[SourceQuality "1"]
[TimeControl "40/5400+30:1800+30"]

1. d4 Nf6 2. Nf3 g6 3. Bf4 Bg7 4. h3 d6 5. e3 Nbd7 6. Be2 c5 7. c3 O-O 8. O-O Nh5 9. Bh2 cxd4 10. exd4 e5 11. Nbd2 f5 12. Nc4 e4 13. Nfd2 d5 14. Ne5 f4 15. Bxh5 gxh5 16. Nxd7 Bxd7 17. Qb3 Qg5 1-0

[Event "DFMM-LV 2023"]
[Site "Braunfels"]
[Date "2023.06.09"]
[Round "1.17"]
[White "Hund, Sarah"]
[Black "Rieseler, Caroline"]
[Result "1-0"]
[Annotator "TA"]
[ECO "B22"]
[WhiteElo "1977"]
[BlackElo "2126"]
[PlyCount "97"]
[EventDate "2023.06.09"]
[EventType "team-tourn"]
[EventCountry "GER"]
[SourceTitle "playchess.com"]
[Source "ChessBase"]
[SourceQuality "1"]
[TimeControl "40/5400+30:1800+30"]

1. e4 c5 2. c3 Nf6 3. e5 Nd5 4. Nf3 Nc6 5. Bc4 Nb6 6. Bb3 d5 7. exd6 Qxd6 8. O-O c4 9. Bc2 $1 Bg4 {[%emt 0:01:15] B22: Sicilian: 2 c3.} 10. Re1 $1 {[%emt 0:02:49] Inhibits Ne5. 10.Re1 scores better than 10.h3.} O-O-O 11. Na3 (11. h3 $5 Bxf3 12. Qxf3 $11) 11... e6 (11... Qf6 $1 $11) 12. Qe2 (12. Re4 $16 Bf5 13. Nxc4 Nxc4 14. Rxc4) 12... Qf4 $11 13. d4 {[%emt 0:12:54] [#]} Bxf3 $146 ({Predecessor:} 13... cxd3 14. Bxd3 Bxf3 15. Bxf4 Bxe2 16. Bxe2 Nd5 17. Bg3 e5 18. Nc4 f6 19. a4 Kb8 {1-0 Kislinsky,A (2452)-Allahverdiyeva,A (2088) Titled Tuesday intern op 03rd Nov blitz 2020 (3)}) 14. gxf3 Qh4 15. Nxc4 Nxc4 {[%emt 0:06:19][%mdl 64] [#] Remove Defender} 16. Qxc4 Bd6 17. Be4 $36 {[%emt 0:04:56][%mdl 2048] White has good play.} Bxh2+ (17... Qxh2+ $11 {keeps the balance.} 18. Kf1 Kb8) 18. Kg2 $16 Bc7 19. Rh1 (19. Bxc6 {keeps more tension.} bxc6 20. Qxc6 Qh2+ 21. Kf1) 19... Qe7 20. Bxc6 ({And not} 20. Bxh7 g6 21. Bd2 f6 $17) (20. Rxh7 $2 Rxh7 21. Bxh7 Rh8 $19) 20... bxc6 21. Qxc6 e5 {[%emt 0:03:01] Against Bf4} (21... Qd6 $16 {was worth a try.} 22. Qa8+ Bb8) 22. Qa6+ Kb8 23. dxe5 ({Don't play} 23. Qb5+ Ka8 24. Qc6+ Kb8 25. dxe5 Bxe5 26. Qb5+ Ka8) 23... Rd5 24. Be3 Ra5 25. Bxa7+ Ka8 {[%emt 0:00:08] Loses the game.} 26. Bc5+ Rxa6 27. Bxe7 Rg6+ 28. Kf1 Bxe5 29. Rd1 Re8 30. Rd8+ Rxd8 31. Bxd8 $18 {[%emt 0:00:05][%mdl 4096] Endgame KRB-KRB} Rd6 {[%emt 0:01:36] aiming for ...Rd1+.} 32. Bg5 h6 33. Be3 Kb7 34. Ke2 g5 35. Rd1 {[%emt 0:02:03] Black must now prevent Rxd6.} Rxd1 (35... Ra6 $142 36. a3 Kc7) 36. Kxd1 {[%emt 0:00:04] KB-KB} f5 {[%emt 0:00:07] [#]} (36... Ka6 {was called for.} 37. Ke2 Kb5) 37. f4 $1 gxf4 38. Bd4 Bxd4 (38... Bb8 $18 39. Bg7 h5) 39. cxd4 {[%emt 0:00:06] KP-KP. White mates.} h5 40. Ke2 h4 41. Kf1 Kc6 42. Kg2 Kd5 43. Kh3 Kxd4 {[%emt 0:00:35] K3P-K3P} 44. b4 Ke4 45. b5 Kf3 46. b6 Kxf2 47. b7 f3 48. b8=Q Kg1 49. Qb1+ {[%emt 0:01:03] Weighted Error Value: White=0.30/Black=0.36} (49. Qh2+ $142 Kf1 50. Qd2 f4 51. a4 Kg1 52. Qe1#) 1-0

[Event "DFMM-LV 2023"]
[Site "Braunfels"]
[Date "2023.06.09"]
[Round "1.19"]
[White "Haug, Mara"]
[Black "Barpiyeva, Gulsana"]
[Result "0-1"]
[Annotator "TA"]
[ECO "B43"]
[WhiteElo "1754"]
[BlackElo "2023"]
[PlyCount "76"]
[EventDate "2023.06.09"]
[EventType "team-tourn"]
[EventCountry "GER"]
[SourceTitle "playchess.com"]
[Source "ChessBase"]
[SourceQuality "1"]
[TimeControl "40/5400+30:1800+30"]

1. e4 c5 2. Nf3 e6 3. d4 cxd4 4. Nxd4 a6 5. Nc3 Qc7 6. Be3 Bb4 7. Qd3 {[%emt 0:03:13] is the new trend.} Nf6 8. Be2 (8. Nde2 $11 {keeps the balance.}) 8... Bxc3+ {[%emt 0:06:25] B43: Sicilian: Kan Variation: 5 Nc3.} (8... Nxe4 $1 $17 9. a3 Bxc3+ 10. bxc3 Qxc3+ 11. Qxc3 Nxc3) 9. bxc3 $11 {[%emt 0:05:21][%cal Bb2c3,Bc3c4][%mdl 32] [#]} Nxe4 $1 {[%emt 0:04:11][%mdl 64] Deflection} 10. c4 Nc5 {[%emt 0:02:33] The position is equal.} 11. Qa3 {[%emt 0:04:54][%cal Od4f5][%mdl 1024] Strongly threatening Nf5! White has compensation.} b6 (11... O-O $14) 12. Nb5 $1 $16 Qc6 {[%emt 0:06:25] [#]} (12... Qe5 $142 13. Rd1 O-O) 13. Bf3 $146 ({Predecessor:} 13. Nd4 Qa4 14. Qb2 Qa5+ 15. Bd2 Na4 16. Bxa5 Nxb2 17. Bxb6 Bb7 18. O-O O-O 19. Rab1 {0-1 Juvan,J-Sarbu,A EU Union-ch U10 10th 2012 (9)}) 13... d5 {[%emt 0:00:27] [#]} 14. Nd4 (14. Nc3 $1 $16) 14... Qd6 (14... Qa4 $14 15. Qxa4+ Nxa4) 15. Nb5 (15. cxd5 $16 exd5 16. Nb5 axb5 17. Qxa8) 15... axb5 $11 16. Qxa8 {[%emt 0:01:21] Hoping for 0-0.} bxc4 17. O-O (17. Rb1 $1 $11 d4 18. Bxd4 Qxd4 19. Qxb8 Qc3+ 20. Kf1) 17... O-O $17 18. Qa3 d4 (18... Bd7 $17) 19. Rfd1 $11 e5 {[%emt 0:00:49] ...Qf6 would be deadly.} 20. Rab1 $2 (20. c3 $1 $15 d3 21. Bxc5 bxc5 22. Qa4) 20... Be6 $4 {[%emt 0:10:52][%mdl 8192] [#]} (20... Bf5 $19 21. Qb2 Nbd7 22. Bxd4 exd4 23. Rxd4 Qf6) 21. c3 $36 {[%emt 0:01:39][%cal Rc3d4][%mdl 2048] Black is under strong pressure.} d3 {[%emt 0:05:29] [#]} (21... Bf5 {keeps fighting.}) 22. Rxb6 $3 {[%emt 0:03:45][%mdl 576] Decoy} Qxb6 23. Bxc5 {[%emt 0:00:10] This pair of bishops is nice.} ({Inferior is} 23. Qxc5 Qxc5 24. Bxc5 Rd8 $17) 23... Qd8 {[%emt 0:00:19] Threatens to win with ...Re8.} 24. Bxf8 Qxf8 25. Qxf8+ Kxf8 {[%emt 0:00:02][%mdl 4096] Endgame KRB-KBN} 26. Kf1 f5 (26... Na6 $142 27. Ke1 Ke7) 27. Bb7 Nd7 28. Rb1 Nc5 29. Ke1 {[%emt 0:02:38] And now Rb5 would win.} Ke7 30. Rb5 Kd6 31. Rb6+ Ke7 32. Kd2 e4 (32... g5 $16 33. f3 f4) 33. Bc6 ({White should play} 33. f3 $18) 33... f4 $16 34. Ba8 Bf5 $2 (34... g5 $16 35. Rb8 Kd6) 35. Rc6 $4 {[%emt 0:01:27][%mdl 8192] [#]} (35. Bd5 $18) 35... e3+ $1 {[%emt 0:01:23][%mdl 576] Promotion. Black mates.} 36. fxe3 Ne4+ 37. Ke1 d2+ ({And not} 37... fxe3 38. Rc7+ (38. Rxc4 $2 {too greedy.} d2+ 39. Ke2 Bg4+ 40. Kxe3 d1=Q $19) 38... Kd6 39. Rxc4 d2+ 40. Ke2 Bg4+ 41. Kxe3 $19) 38. Ke2 Bg4+ {[%emt 0:00:12] Never resign too early!   Weighted Error Value: White=0.46/Black=0.64} 0-1

[Event "DFMM-LV 2023"]
[Site "Braunfels"]
[Date "2023.06.09"]
[Round "1.20"]
[White "Lukas, Anne"]
[Black "Wellenreich, Jenni"]
[Result "1-0"]
[Annotator "TA"]
[ECO "A09"]
[WhiteElo "2057"]
[BlackElo "1828"]
[PlyCount "130"]
[EventDate "2023.06.09"]
[EventType "team-tourn"]
[EventCountry "GER"]
[SourceTitle "playchess.com"]
[Source "ChessBase"]
[SourceQuality "1"]
[TimeControl "40/5400+30:1800+30"]

1. Nf3 d5 2. g3 c5 3. c4 d4 4. b4 cxb4 5. a3 e6 6. d3 {[%emt 0:02:00] A09: Réti Opening: 1 Nf3 d5 2 c4.} Nc6 7. Bg2 Nf6 8. O-O {[%emt 0:00:08] The position is equal.} Be7 9. Nbd2 (9. axb4 $5 Bxb4 10. Ne5 $11) 9... O-O 10. axb4 Bxb4 11. Ba3 Bxa3 12. Rxa3 {[%emt 0:00:05] [#]} Rb8 $146 ({Predecessor:} 12... e5 13. Qa1 Qc7 14. Rb1 Re8 15. Ng5 Bg4 16. Kf1 a5 17. c5 Bf5 18. Nc4 h6 19. Nf3 Be6 {1-0 Pheephacharakan,P (1781)-Kozhamberdiyev,A (1401) Asian University rapid 2021 (5)}) 13. Qa1 h6 14. Rb1 {[%emt 0:00:14][%mdl 1024] White has compensation.} e5 15. Ne1 Bd7 16. Nc2 Qe7 17. Rab3 b6 18. Nb4 (18. Ra3 $11) 18... Rbc8 $17 19. Nxc6 Bxc6 20. Ra3 Bxg2 21. Kxg2 Rc7 22. f3 Ne8 23. Qa2 Nd6 24. Ra1 Ra8 25. Ra6 Rb7 26. Qa3 Nf5 (26... Kh7 $15) 27. Qxe7 $11 Nxe7 28. Ne4 Nc8 29. g4 Rc7 30. Kf2 Rb8 31. h4 Kf8 32. e3 dxe3+ 33. Kxe3 Rbb7 34. Nc3 Nd6 35. Rb1 f6 36. h5 Kf7 37. Rba1 Rd7 38. Nd5 Nc8 39. Nc3 Nd6 (39... Ne7 $15) 40. R6a2 Ke6 41. f4 {[%emt 0:40:51] [#]} (41. Ra6 $15) 41... Nf7 (41... exf4+ $1 $17 42. Kxf4 Nf7) 42. f5+ $15 Ke7 43. Nb5 a5 44. Rb1 Kd8 (44... Nd8 $5 45. Nc3 Rd4 46. Nd5+ Ke8 $17) 45. Nc3 Rd4 (45... Nd6 $15) 46. Rxa5 $11 Rxg4 47. Ra8+ Kd7 {[%emt 0:00:00] aiming for ...Nd6.} 48. c5 {[%emt 0:00:00] Prevents Nd6.} Rg3+ 49. Ke2 {[%emt 0:00:00] And now Ne4 would win.} Nd8 $2 {[%emt 0:00:00][%mdl 8192] Black is now going downhill.} (49... Rg2+ $11 50. Ke3 Rg3+ 51. Ke2 Rg2+ 52. Ke3 Rg3+) 50. cxb6 ({Weaker is} 50. Rxb6 Rxb6 51. cxb6 Nb7 $11) 50... Nc6 $2 (50... Rg2+ {was necessary.} 51. Kf3 Rc2) 51. Ne4 $18 Rg2+ (51... Nd4+ $2 52. Kf2 Rf3+ 53. Kg2 $18) 52. Kf1 Rc2 {[%emt 0:00:00] Inhibits Nc5+.} 53. Rg8 Ne7 54. Rxg7 Kc6 55. Nxf6 {[%emt 0:00:17] Hoping for Ng4.} Nxf5 56. Rg6 {[%emt 0:00:37] Ne4+ is the strong threat.} Kc5 57. Ne4+ Kd4 58. Nd6 Nxd6 59. Rxd6+ {[%emt 0:00:31][%mdl 4096] Endgame KRR-KRR} Kc5 $2 (59... Ke3 60. Re1+ (60. Rxh6 Kxd3 61. Rd6+ Ke4 $18) 60... Kf4 61. Re4+ (61. Rxh6 Rb2 $16) 61... Kf5) 60. Rxh6 Rh2 {[%emt 0:01:11] White must now prevent ...Rh1+.} 61. Kg1 {[%emt 0:01:21] Repels Rh1+} Rh3 62. Rb3 {[%emt 0:00:37][%cal Od3d4] d4+! would be deadly.} Kd5 (62... Rh4 $142 63. Kg2 Rf4) 63. Kg2 Rh4 64. Rb5+ Kd4 65. Rb4+ {[%emt 0:00:05][%mdl 64] [#] Skewer} Kd5 {[%emt 0:06:10] Weighted Error Value: White=0.15 (very precise) /Black=0.38.  Loses game:     	---       	Black=1      Missed win:     	---       	---        Mistake:       	White=2     	Black=7      Inaccurate:     	White=6     	Black=5      OK:         	White=23    	Black=21     Best:        	White=6     	Black=5      Strong:       	---       	---        Brilliant:      	---       	---} 1-0

[Event "DFMM-LV 2023"]
[Site "Braunfels"]
[Date "2023.06.09"]
[Round "1.21"]
[White "Schneider, Birgit"]
[Black "Buchholz, Maja Patricia"]
[Result "0-1"]
[Annotator "NA RC COMBH"]
[ECO "C02"]
[WhiteElo "1855"]
[BlackElo "1899"]
[PlyCount "132"]
[EventDate "2023.06.09"]
[EventType "team-tourn"]
[EventCountry "GER"]
[SourceTitle "playchess.com"]
[Source "ChessBase"]
[SourceQuality "1"]
[TimeControl "40/5400+30:1800+30"]

1. e4 e6 2. d4 d5 3. e5 c5 4. c3 Nc6 5. Nf3 Qb6 6. a3 c4 7. Nbd2 Na5 8. g3 Bd7 9. h4 h6 10. h5 Ne7 11. Bh3 Nc8 12. O-O Qc7 13. Re1 Nb6 14. Nf1 O-O-O 15. Bf4 Be7 16. Rb1 Rdg8 17. g4 Qd8 18. Kh2 g6 19. Ng3 Ba4 20. Qe2 Qd7 21. Qd2 Nb3 22. Qe2 Kb8 23. Nd2 Na5 24. Nf3 Ka8 25. Qd2 Nb3 26. Qe2 Bd8 27. Nd2 Na5 28. Be3 Bc2 29. Ra1 Bd3 30. Qd1 Qb5 31. Qc1 Na4 32. Ra2 Bh4 33. Bf1 Bxg3+ 34. fxg3 Nb3 35. Qd1 Nxd2 36. Qxd2 Qb3 37. Raa1 Nxb2 38. Rab1 Bxb1 39. Rxb1 Qxa3 40. Rxb2 Qf8 41. Qf2 Qe7 42. Ra2 Rc8 43. Bc1 Rc7 44. Ba3 Qg5 45. Bc5 a6 46. Be2 Qc1 47. Bb4 gxh5 48. gxh5 Rg8 49. Bd1 Qxd1 50. Bd6 Qxh5+ 51. Kg2 Rcc8 52. Be7 Rg4 53. Re2 Rcg8 54. Re3 Qg6 55. Rf3 h5 56. Kh2 Rg7 57. Rf6 Qh7 58. Rf3 Qg8 59. Bf6 R7g6 60. Be7 Rg7 61. Bf6 Rh7 62. Bh4 Re4 63. Rf6 Qg4 64. Rf3 Re1 65. Kg2 Qe4 66. Kh3 Re2 0-1

[Event "DFMM-LV 2023"]
[Site "Braunfels"]
[Date "2023.06.09"]
[Round "1.22"]
[White "Froehlich-Dill, Astrid"]
[Black "Kohm, Vanessa"]
[Result "1/2-1/2"]
[Annotator "NA RC COMBH"]
[ECO "D94"]
[WhiteElo "1762"]
[BlackElo "1769"]
[PlyCount "108"]
[EventDate "2023.06.09"]
[EventType "team-tourn"]
[EventCountry "GER"]
[SourceTitle "playchess.com"]
[Source "ChessBase"]
[SourceQuality "1"]
[TimeControl "40/5400+30:1800+30"]

1. d4 d5 2. Nf3 Nf6 3. c4 c6 4. e3 g6 5. Bd3 Bg7 6. Nc3 O-O 7. O-O Nbd7 8. Re1 Re8 9. cxd5 cxd5 10. Qb3 e5 11. Bb5 e4 12. Bxd7 Nxd7 13. Nd2 Nb6 14. a4 a5 15. Ne2 Bf8 16. Qd1 Bb4 17. b3 Qe7 18. Bb2 Bg4 19. h3 Bd7 20. Bc3 Bd6 21. Nf1 Qg5 22. Neg3 h5 23. f4 exf3 24. Qxf3 h4 25. Ne2 Re6 26. Bd2 Qd8 27. Nf4 Rf6 28. Qd1 Bf5 29. Nh2 Qe8 30. Nf3 Bd7 31. Ng5 Rf5 32. Nf3 Qd8 33. Nd3 Bg3 34. Rf1 Rh5 35. Nfe5 Be6 36. Nf4 Bxf4 37. Rxf4 Nd7 38. Nxd7 Qxd7 39. Qf3 Bf5 40. Rc1 Be4 41. Qg4 Qd8 42. Rcf1 Rg5 43. Rxe4 Rxg4 44. Rxg4 Qe7 45. Rc1 Qa3 46. Rc3 Qa1+ 47. Kf2 Ra6 48. Rf4 Qd1 49. Be1 Kg7 50. Rc7 Rf6 51. Rxf6 Kxf6 52. Rxb7 Qc2+ 53. Kf1 g5 54. Bxa5 Qc1+ 1/2-1/2

[Event "DFMM-LV 2023"]
[Site "Braunfels"]
[Date "2023.06.09"]
[Round "1.23"]
[White "Farhadyar, Kiana"]
[Black "von Beckh, Frieda"]
[Result "0-1"]
[Annotator "NA RC COMBH"]
[ECO "B35"]
[WhiteElo "1530"]
[BlackElo "1672"]
[PlyCount "86"]
[EventDate "2023.06.09"]
[EventType "team-tourn"]
[EventCountry "GER"]
[SourceTitle "playchess.com"]
[Source "ChessBase"]
[SourceQuality "1"]
[TimeControl "40/5400+30:1800+30"]

1. e4 c5 2. Nf3 Nc6 3. d4 cxd4 4. Nxd4 g6 5. Nc3 Bg7 6. Be3 Nf6 7. Bc4 Qa5 8. Nxc6 dxc6 9. Qf3 O-O 10. O-O Ng4 11. Bd2 Ne5 12. Qe2 Nxc4 13. Qxc4 Be6 14. Qe2 Qb6 15. Rab1 Rfd8 16. a3 Qc5 17. Be3 Qc4 18. Qxc4 Bxc4 19. Rfd1 b6 20. Rxd8+ Rxd8 21. Rd1 Rxd1+ 22. Nxd1 e6 23. Bc1 f5 24. Ne3 Ba6 25. exf5 exf5 26. g3 Kf7 27. f4 Ke6 28. Kf2 h6 29. h4 Bf6 30. Ng2 Kd5 31. b3 Ke4 32. Ne1 Bd4+ 33. Kg2 Be2 34. Bd2 Be3 35. Bxe3 Kxe3 36. c4 Bd1 37. b4 Bb3 38. Nf3 Bxc4 39. Ne5 Bd5+ 40. Kh3 c5 41. bxc5 bxc5 42. Nxg6 c4 43. Ne7 Be4 0-1